 Dungeon Crawl Stone Soup version 0.19-a0-994-g3c636f0 (webtiles) character file.

224 4thArraOfDagon the Caller (level 5, 0/38 HPs)
             Began as a Demigod Summoner on July 16, 2016.
             Killed from afar by Blork the orc (9 damage)
             ... with a puff of frost
             ... on level 5 of the Dungeon.
             The game lasted 00:10:28 (1507 turns).

4thArraOfDagon the Caller (Demigod Summoner)        Turns: 1507, Time: 00:10:29

Health: 0/38       AC:  3    Str: 10 (11) XL:     5   Next: 39%
Magic:  1/21       EV: 12    Int: 26      God:
Gold:   127        SH:  0    Dex: 16      Spells: 2 memorised, 6 levels left

rFire  . . .     SeeInvis .     m - +2 falchion (pain)
rCold  . . .     Gourm    +     a - +0 robe
rNeg   . . .     Faith    .     (no shield)
rPois  .         Spirit   .     g - +0 helmet
rElec  .         Dismiss  .     (no cloak)
rCorr  .         Reflect  .     (no gloves)
SustAt +         Harm     .     (no boots)
MR     .....                    k - amulet of the gourmand
Stlth  +.........               q - ring of magical power
                                h - ring of loudness (curse)

@: brilliant, not resistant to hostile enchantments, very unstealthy
A: high mp 1, sustain attributes
a: no special abilities


You were on level 5 of the Dungeon.
You were not hungry.

You visited 1 branch of the dungeon, and saw 5 of its levels.

You collected 127 gold pieces.

Inventory:

Hand Weapons
 j - a +0 club
 m - a +2 falchion of pain (weapon)
Armour
 a - a +0 robe (worn)
 g - a +0 helmet (worn)
 l - a +0 ring mail
Jewellery
 h - a cursed ring of loudness (left hand)
 k - an amulet of the gourmand (around neck)
 q - a ring of magical power (right hand)
Scrolls
 d - a scroll of immolation {unknown}
 e - 2 scrolls of teleportation {unknown}
 i - a scroll of amnesia {unknown}
 o - a scroll of fear {unknown}
 p - a scroll of noise {unknown}
 s - a scroll of remove curse {unknown}
 t - a scroll of identify {unknown}
 u - a scroll of enchant armour {unknown}
Books
 b - a book of Callings

   Spells                             Type                      Level
   a - Summon Small Mammal            Summoning                    1
   b - Call Imp                       Summoning                    2
   c - Call Canine Familiar           Summoning                    3
   d - Summon Guardian Golem          Hexes/Summoning              3
   e - Summon Lightning Spire         Summoning/Air                4
   f - Summon Ice Beast               Ice/Summoning                4
Comestibles
 c - 3 bread rations


   Skills:
 - Level 1.7 Dodging
 - Level 1.7 Stealth
 + Level 3.1 Spellcasting
 * Level 5.6 Summonings


You had 6 spell levels left.
You knew the following spells:

 Your Spells              Type           Power        Failure   Level  Hunger
a - Summon Small Mammal   Summ           ####         1%          1    None
b - Call Canine Familiar  Summ           #####...     1%          3    ###....


Dungeon Overview and Level Annotations

Branches:
Dungeon (5/15)
 Temple: D:4-7

Shops:
D:5 (*

Annotations:
D:5 Blork the orc, Prince Ribbit


Innate Abilities, Weirdness & Mutations

You have an increased reservoir of magic. (+10% MP)
Your attributes are resistant to harm.


Message History

There was something very wrong with that liquid.
You feel somewhat weakened.
You feel dopey for a moment.
You feel clumsy for a moment. Blork the orc closely misses you.
Your hound bites Blork the orc.
Unknown command.
You closely miss Blork the orc.
Blork the orc is moderately wounded.
Blork the orc hits you with a scimitar.
* * * LOW HITPOINT WARNING * * *
Your hound bites Blork the orc.
Your hound completely misses Blork the orc.
Blork the orc closely misses you.
Unknown command.
Unknown command.
Casting: Summon Small Mammal
Confirm with . or Enter, or press ? or * to list all spells.
Your hound bites Blork the orc.
Blork the orc casts a spell at you. The puff of frost hits you!
You die...

######### #.......# #.# #.#
#.#####.# ####.....#.#
#........#.# #......Y.#.###
#########
##.......##..h##########...o....
#....>)..'...ho@r.)......oo.....
#..)..)).####Y####.....#.#<.....
#..∩.....# #.# #.PPP.#.#..#...
#........# ### #.P∩..#.#.)....
#.#...#.## #.PPP...#....#
#+#.#.#.# #.......#..###
........# #..##.#.#..#
#....#.......... ........$...
#....#########.. #..#


You could see Blork the orc, an ice beast, a jackal, a friendly hound and a
friendly quokka.

Vanquished Creatures
  An orc wizard (D:5)
  An orc priest (D:5)
  An adder (D:4)
  2 giant geckos
  An orc (D:5)
  4 bats
  2 goblins
  2 hobgoblins
  3 jackals
  2 kobolds
  A ball python (D:3)
  A ball python zombie (D:5)
  2 rats
23 creatures vanquished.

Vanquished Creatures (collateral kills)
  An ice beast (D:5)
  An orc wizard (D:5)
  Terence (D:2)
  A worker ant (D:4)
  Natasha (D:3)
  2 adders
  3 worms
  A dart slug (D:3)
  A giant gecko (D:2)
  2 orcs
  A giant cockroach (D:1)
  3 hobgoblins
  3 jackals (D:3)
  3 kobolds
  2 bats
  A quokka skeleton (D:4)
27 creatures vanquished.

Grand Total: 50 creatures vanquished

Notes
Turn   | Place    | Note
-------+----------+-------------------------------------------
     0 | D:1      | 4thArraOfDagon the Demigod Summoner began the quest for the Orb.
     0 | D:1      | Reached XP level 1. HP: 14/14 MP: 5/5
     0 | D:1      | timbw: trog is pretty good
    29 | D:1      | timbw: hey
    49 | D:1      | timbw: how do you like the new sif
    78 | D:1      | timbw: is summons still viable do you think?
   155 | D:2      | 4thArraOfDagon: new sif?
   155 | D:2      | 4thArraOfDagon: didnt try it yet
   155 | D:2      | timbw: ah k
   155 | D:2      | 4thArraOfDagon: whats new about it
   161 | D:2      | timbw: I understand there has been some pretty radical changes
   179 | D:2      | timbw: no more unlimited channeling etc
   179 | D:2      | 4thArraOfDagon: i only saw books being given on full piety
   180 | D:2      | timbw: im a bit fuzzy on the details, I havnt played for a long time
   195 | D:2      | Found a white marble altar of Elyvilon.
   206 | D:2      | Reached skill level 4 in Summonings
   250 | D:2      | Reached XP level 2. HP: 15/20 MP: 5/7
   540 | D:3      | Found a shadowy altar of Dithmenos.
   541 | D:3      | Noticed Terence
   610 | D:2      | Killed Terence
   610 | D:2      | Reached XP level 3. HP: 16/26 MP: 3/8
   620 | D:2      | Learned a level 3 spell: Call Canine Familiar
  1027 | D:4      | Found a deep blue altar of Sif Muna.
  1027 | D:4      | Found a white marble altar of Elyvilon.
  1142 | D:3      | Noticed Natasha
  1178 | D:3      | Killed Natasha
  1203 | D:3      | Reached XP level 4. HP: 33/33 MP: 10/10
  1334 | D:5      | Entered Level 5 of the Dungeon
  1334 | D:5      | Noticed Prince Ribbit
  1396 | D:5      | Found Furamuiv's Assorted Antiques.
  1397 | D:5      | Noticed an ice beast
  1419 | D:5      | Found Upti's Antique Weapon Boutique.
  1434 | D:5      | Reached skill level 5 in Summonings
  1448 | D:5      | Reached XP level 5. HP: 16/38 MP: 5/12
  1476 | D:5      | Noticed Blork the orc
  1485 | D:5      | Killed an ice beast
  1486 | D:5      | Noticed an ice beast
  1487 | D:5      | lol
  1507 | D:5      | Killed from afar by Blork the orc

Vault maps used:
D:1:      dpeg_arrival_simpleton_a
D:2:      elyvilon_altar_5
D:3:      grunt_dithmenos_smoke_and_mirrors, first_bread, uniq_terence,
          uniq_natasha
D:4:      gammafunk_temple_overflow_pools, moated_statue
D:5:      serial_shops, shop, shop, nicolae_shop_crystal,
          nicolae_shop_overgrown_old_shop, serial_corexii_hall,
          corexii_hall_statues_l, corexii_hall_statues_l, uniq_blork_the_orc,
          uniq_pikel, uniq_duvessa, uniq_prince_ribbit1

Skill      XL: |  1  2  3  4  5 |
---------------+----------------+-----
Summonings     | 4 5 |  5.6
Spellcasting   | 2 3 |  3.1
Dodging        | |  1.7
Stealth        | |  1.7

Action                   |  1- 3 |  4- 6 || total
-------------------------+-------+-------++-------
Melee: Unarmed           |    31 |       ||    31
       Club              |    18 |       ||    18
       Falchion          |    29 |    36 ||    65
 Cast: Summon Small Mamm |    47 |    11 ||    58
       Call Canine Famil |     6 |     7 ||    13
  Use: Potion            |       |     4 ||     4
 Stab: Sleeping          |     1 |       ||     1
       Distracted        |       |     2 ||     2
  Eat: Chunk             |     3 |     1 ||     4
Armor: Robe              |    39 |    12 ||    51
Dodge: Dodged            |    78 |    36 ||   114
